Map: Nightshade LE

Players

Hellraiser

  • Race: Protoss Protoss
  • Spawn Location: 11:00

uThermal - Winner!

  • Race: Terran Terran
  • Spawn Location: 5:00

Event: IEM Katowice 2020

VOD

Have the link to the VOD?

Description

Time

  • Played on: Feb. 25, 2020, 11:40 a.m.
  • Length: 11:34

All games in this series

Show
View Real Time Build Order
Export as new Build Order

Hellraiser Protoss 

Build Orders: 1 Gate Expand, Blink Stalkers 

Get SALT Encoding   

  12  0:00  Probe  
  13  0:12  Probe  
  14  0:17  Pylon  
  14  0:25  Probe (Chrono Boost)  
  15  0:36  Gateway  
  15  0:37  Probe (Chrono Boost)  
  16  0:44  Probe (Chrono Boost)  
  16  0:45  Assimilator  
  17  0:51  Probe  
  18  1:03  Probe  
  19  1:15  Probe  
  20  1:23  Cybernetics Core  
  20  1:27  Probe  
  21  1:35  Nexus  
  21  1:40  Pylon  
  21  1:43  Probe  
  22  1:49  Assimilator  
  22  1:55  Probe (Chrono Boost)  
  22  1:56  Adept (Chrono Boost)  
  22  2:01  Warp Gate  
  25  2:07  Probe (Chrono Boost)  
  27  2:16  Probe (Chrono Boost)  
  27  2:21  Probe  
  29  2:22  Sentry  
  30  2:33  Probe  
  31  2:46  Twilight Council  
  31  2:47  Probe (Chrono Boost)  
  33  2:52  Probe (Chrono Boost), Stalker  
  33  2:56  Probe (Chrono Boost)  
  36  3:00  Probe (Chrono Boost)  
  36  3:01  Probe (Chrono Boost)  
  36  3:04  Gateway  
  39  3:13  Probe (Chrono Boost)  
  39  3:16  Probe (Chrono Boost), Pylon  
  40  3:24  Probe x2 (Chrono Boost)  
  40  3:25  Blink  
  42  3:33  Probe  
  43  3:35  Probe  
  44  3:46  Probe (Chrono Boost)  
  43  3:51  Robotics Facility  
  43  3:52  Probe (Chrono Boost)  
  44  3:58  Probe (Chrono Boost)  
  44  3:59  Pylon  
  44  4:00  Stalker x2  
  50  4:06  Probe x2 (Chrono Boost)  
  51  4:11  Nexus  
  51  4:12  Probe  
  51  4:14  Probe  
  53  4:24  Probe  
  53  4:26  Probe  
  53  4:29  Pylon, Gateway  
  53  4:31  Gateway  
  55  4:34  Stalker  
  58  4:38  Observer (Chrono Boost)  
  58  4:40  Probe, Stalker  
  58  4:43  Pylon  
  61  4:48  Probe  
  62  4:53  Shield Battery, Observer (Chrono Boost)  
  62  4:58  Stalker  
  65  5:05  Gateway  
  65  5:06  Gateway  
  64  5:10  Gateway  
  64  5:12  Gateway  
  64  5:14  Probe  
  65  5:15  Probe  
  66  5:24  Charge (Chrono Boost)  
  66  5:26  Probe, Gateway  
  66  5:28  Gateway  
  67  5:33  Probe  
  67  5:34  Probe  
  67  5:35  Observer (Chrono Boost)  
  70  5:38  Probe  
  70  5:41  Stalker  
  73  5:45  Probe  
  73  5:46  Probe  
  75  5:51  Probe  
  75  5:53  Warp Prism (Chrono Boost)  
  78  5:57  Stalker x2  
  78  5:59  Probe  
  78  6:00  Probe  
  78  6:03  Pylon  
  84  6:05  Probe  
  85  6:11  Forge  
  85  6:12  Probe  
  85  6:13  Probe, Forge  
  85  6:15  Assimilator  
  85  6:17  Probe, Pylon  
  85  6:18  Stalker  
  85  6:24  Probe (Chrono Boost)  
  81  6:28  Probe (Chrono Boost)  
  81  6:29  Probe (Chrono Boost)  
  83  6:35  Assimilator  
  83  6:36  Probe (Chrono Boost)  
  83  6:37  Zealot x2  
  83  6:39  Probe x2 (Chrono Boost)  
  90  6:40  Protoss Ground Weapons Level 1 (Chrono Boost)  
  90  6:41  Probe (Chrono Boost)  
  90  6:43  Probe (Chrono Boost)  
  90  6:44  Probe (Chrono Boost)  
  93  6:50  Probe  
  93  6:52  Zealot x2  
  96  6:55  Probe  
  96  7:00  Protoss Ground Armor Level 1 (Chrono Boost)  
  98  7:01  Zealot x3  
  98  7:02  Zealot  
  105  7:10  Templar Archives  
  105  7:21  Pylon  
  105  7:23  Pylon  
  105  7:25  Nexus  
  105  7:30  Probe  
  106  7:38  Zealot  
  106  7:39  Zealot x2  
  106  7:40  Zealot x2  
  112  7:44  Zealot x2  
  112  7:50  Probe  
  112  7:51  Immortal (Chrono Boost)  
  101  7:55  High Templar  
  105  8:00  High Templar  
  105  8:01  Zealot x4  
  115  8:08  Archon, Zealot x2  
  115  8:10  Probe x2  
  119  8:15  Pylon  
  119  8:16  Probe  
  120  8:21  Pylon  
  120  8:22  Pylon  
  120  8:23  Probe  
  120  8:25  Immortal  
  125  8:34  Pylon  
  123  8:35  Pylon  
  123  8:36  Zealot x4  
  128  8:41  Zealot x2  
  128  8:42  Zealot x2  
  109  8:57  Zealot x4  
  115  9:07  Zealot x4  
  115  9:09  Probe  
  110  9:14  Protoss Ground Weapons Level 2 (Chrono Boost)  
  110  9:16  Observer  
  110  9:17  Probe  
  100  9:24  Probe x2  
  100  9:26  Sentry  
  100  9:29  Probe  
  104  9:44  Immortal (Chrono Boost), Zealot x7  
  122  9:59  Nexus  
  122  10:01  Pylon  
  122  10:09  Assimilator  
  122  10:12  Robotics Bay, Assimilator  
  122  10:16  Pylon  
  122  10:24  Zealot  
  122  10:25  Zealot x4  
  132  10:34  Probe  
  125  10:41  Probe x2  
  127  10:46  Pylon  
  127  10:47  Probe  
  128  10:53  Probe x2  
  130  10:59  Probe  
  130  11:02  Stalker x2  
  141  11:05  Probe  
  141  11:06  Probe, High Templar x2  
  141  11:07  Zealot  
  149  11:12  Archon  
  148  11:20  Zealot x3  
  140  11:31  Zealot x3  
Show
View Real Time Build Order
Export as new Build Order

uThermal Terran - Winner!

Build Orders: Reaper Expand, Banshee Rush 

Get SALT Encoding   

  12  0:01  SCV  
  13  0:13  SCV  
  14  0:17  Supply Depot  
  14  0:25  SCV  
  15  0:38  SCV  
  15  0:40  Barracks  
  16  0:42  Refinery  
  16  0:50  SCV  
  17  1:03  SCV  
  18  1:15  SCV  
  19  1:27  Reaper, Orbital Command  
  20  1:40  Command Center  
  20  1:51  Supply Depot  
  20  1:53  SCV  
  21  1:58  Marine  
  22  2:05  SCV  
  22  2:07  Factory  
  23  2:12  Refinery  
  23  2:17  SCV  
  23  2:19  Barracks Reactor  
  24  2:27  Bunker  
  24  2:29  SCV  
  25  2:41  SCV  
  26  2:52  Hellion, Starport  
  26  2:53  SCV  
  26  2:54  Orbital Command  
  30  3:05  SCV  
  30  3:07  Marine x2  
  32  3:13  Factory Tech Lab  
  32  3:17  SCV  
  32  3:19  SCV  
  34  3:25  Marine x2  
  36  3:29  SCV  
  36  3:31  SCV  
  37  3:37  Cloaking Field, Banshee  
  40  3:42  SCV  
  40  3:43  SCV, Factory Tech Lab  
  40  3:46  Marine x2  
  40  3:47  Supply Depot  
  44  3:54  SCV  
  44  3:55  SCV, Supply Depot  
  46  4:08  SCV, Marine x2, Siege Tank  
  46  4:09  SCV, Supply Depot  
  53  4:21  SCV x2  
  53  4:22  Banshee  
  56  4:26  Marine x2  
  58  4:35  Command Center  
  58  4:36  SCV  
  59  4:41  Siege Tank  
  59  4:44  Supply Depot  
  62  4:46  SCV  
  62  4:48  Marine  
  62  4:49  Marine  
  62  4:52  SCV  
  66  4:58  SCV  
  67  5:01  Supply Depot  
  67  5:04  SCV  
  68  5:10  SCV  
  68  5:11  Marine  
  68  5:13  Barracks  
  68  5:14  Barracks  
  70  5:16  SCV, Siege Tank  
  70  5:18  Starport Tech Lab  
  70  5:20  Starport Reactor  
  74  5:22  SCV  
  74  5:23  Marine  
  76  5:28  SCV  
  76  5:32  Engineering Bay  
  76  5:34  SCV, Engineering Bay, Marine  
  76  5:35  Refinery  
  79  5:36  Refinery  
  79  5:41  SCV  
  80  5:45  Marine  
  80  5:46  SCV  
  80  5:49  Orbital Command  
  82  5:53  SCV  
  82  5:56  Barracks  
  83  5:57  Factory Reactor, Marine  
  83  5:58  SCV, Barracks  
  83  6:01  Stimpack, Marine  
  86  6:05  SCV  
  86  6:06  Supply Depot, Marine  
  86  6:10  Terran Infantry Weapons Level 1, Terran Infantry Armor Level 1  
  88  6:11  Marine  
  88  6:12  SCV  
  88  6:15  SCV, Marine  
  92  6:19  Marauder  
  94  6:26  SCV  
  94  6:28  Missile Turret  
  94  6:29  SCV, Missile Turret  
  94  6:30  Marauder  
  92  6:35  Medivac, Orbital Command  
  92  6:36  Medivac  
  92  6:38  SCV, Missile Turret  
  92  6:39  Missile Turret  
  97  6:41  SCV  
  97  6:43  Bunker  
  97  6:45  Bunker  
  98  6:48  Marine x2  
  98  6:50  Combat Shield  
  98  6:51  SCV  
  98  6:53  SCV, Widow Mine  
  104  6:58  Widow Mine  
  107  7:01  Supply Depot  
  107  7:02  SCV  
  107  7:08  SCV  
  109  7:10  Barracks Reactor, SCV, Barracks Tech Lab  
  109  7:13  Supply Depot  
  109  7:22  Refinery, Missile Turret  
  109  7:23  Marauder, Marine, Widow Mine x2  
  109  7:24  Refinery, Marine  
  109  7:27  Medivac  
  119  7:30  Armory, Marine  
  120  7:40  Medivac  
  120  7:42  Marauder, Marine  
  122  7:45  Orbital Command, Widow Mine  
  122  7:48  Marine  
  122  7:49  Marauder, Marine  
  122  7:50  Marine  
  128  7:53  Marine  
  129  8:00  Widow Mine  
  123  8:05  Medivac  
  123  8:08  Marine  
  125  8:13  Marine x2  
  125  8:19  Marine  
  128  8:24  Marauder, Marine x2  
  128  8:26  SCV  
  133  8:28  Supply Depot  
  133  8:29  Marine  
  133  8:31  Marine  
  133  8:34  Orbital Command  
  131  8:35  Widow Mine  
  133  8:49  Marine, Widow Mine  
  133  8:51  Marine  
  139  8:56  Widow Mine  
  139  8:57  Terran Infantry Weapons Level 2  
  139  9:00  Supply Depot  
  139  9:09  Marine  
  123  9:10  Marauder  
  123  9:15  Marine x2  
  123  9:16  Marauder x2  
  120  9:17  Medivac, Widow Mine  
  120  9:18  Widow Mine  
  120  9:22  SCV  
  120  9:23  SCV  
  129  9:24  SCV  
  129  9:25  Marine  
  130  9:34  SCV, Marine  
  130  9:35  Missile Turret, Marine  
  130  9:36  Missile Turret  
  131  9:40  Marine  
  131  9:41  Marauder  
  131  9:42  Marauder  
  130  9:46  Marauder  
  130  9:51  Sensor Tower  
  132  9:53  Marine  
  132  9:57  Supply Depot  
  132  9:58  Widow Mine x2  
  132  9:59  Marine  
  138  10:02  Marauder  
  138  10:04  Marauder  
  142  10:07  Liberator  
  142  10:08  Liberator  
  142  10:09  Marine  
  142  10:10  Supply Depot  
  149  10:18  Supply Depot, Marine x3  
  149  10:19  Marauder  
  154  10:22  Fusion Core  
  154  10:25  Marine  
  154  10:26  Marauder  
  157  10:30  Marine  
  157  10:38  Command Center  
  157  10:40  Marauder  
  159  10:43  Marauder, Marine  
  159  10:44  Supply Depot  
  159  10:47  Marauder  
  164  10:50  Liberator x2  
  164  10:51  Marine  
  164  10:52  Supply Depot  
  164  10:53  Marine  
  164  10:54  Marine  
  173  11:05  Supply Depot, Marine  
  173  11:06  Marauder x2  
  173  11:08  Marine  

Tags
 
Add a new tag
Caveats
  • Supply blocks, unpowered buildings, or Contaminate may cause inaccurate times.
  • Supply counts are checked every 10 seconds.